 Dungeon Crawl Stone Soup version 0.29-a0-1052-g6990b1bffc (webtiles) character file.

Game seed: 14483554337065643606

37479 greasedhog the Gelid (level 13, -6/82 HPs)
             Began as a Gargoyle Ice Elementalist on Aug 17, 2022.
             Was a High Priest of Vehumet.
             Mangled by a death yak (8 damage)
             ... on level 3 of the Lair of Beasts.
             The game lasted 00:40:18 (17872 turns).

greasedhog the Gelid (Gargoyle Ice Elementalist)   Turns: 17872, Time: 00:40:20

Health: -6/82      AC: 29    Str: 12    XL:     13   Next: 97%
Magic:  6/27       EV: 12    Int: 27    God:    Vehumet [*****.]
Gold:   1551       SH:  8    Dex: 10    Spells: 21/32 levels left

rFire   . . .      SeeInvis .   L - staff of cold
rCold   + + .      Faith    .   N - +0 buckler
rNeg    + . .      Spirit   .   R - +2 robe {rC+}
rPois   ∞          Reflect  +   n - +2 hat
rElec   +          Harm     +   (no cloak)
rCorr   .          Rampage  .   (no gloves)
Will    +....                   Q - +0 pair of boots
Stlth   ++........              K - amulet of Exhibitionism {Reflect Harm SH+5}
HPRegen 0.23/turn               G - +6 ring of intelligence
MPRegen 0.20/turn               H - ring of willpower

@: ice-armoured, freezing walls, studying Shields
A: sickness immunity, AC +9, negative energy resistance 1, electricity
resistance, torment resistance 1, petrification resistance
a: Renounce Religion


You were on level 3 of the Lair of Beasts.
You worshipped Vehumet.
Vehumet was extremely pleased with you.
You visited 3 branches of the dungeon, and saw 16 of its levels.
You also visited: Volcano.

You collected 1551 gold pieces.

Inventory:

Armour
 n - a +2 hat (worn)
 N - a +0 buckler (worn)
 Q - a +0 pair of boots (worn)
 R - a +2 robe of cold resistance (worn)
Magical Staves
 L - a staff of cold (weapon)
Jewellery
 p - a ring of protection from cold
 t - a +4 ring of evasion
 G - a +6 ring of intelligence (left hand)
 H - a ring of willpower (right hand)
 K - the amulet of Exhibitionism (around neck) {Reflect Harm SH+5}
   (You acquired it on level 10 of the Dungeon)

   [amulet of reflection]

   It reflects blocked missile attacks.
   SH:        It affects your SH (+5).
   Harm:      It increases damage dealt and taken.
Wands
 a - a wand of paralysis (6)
 g - a wand of acid (1)
 C - a wand of iceblast (13)
 M - a wand of flame (5)
 O - a wand of digging (1)
Scrolls
 d - 12 scrolls of teleportation
 e - a scroll of torment
 h - 6 scrolls of enchant armour
 j - 2 scrolls of blinking
 l - 2 scrolls of summoning
 m - 4 scrolls of fear
 o - 5 scrolls of poison
 q - 3 scrolls of immolation
 y - a scroll of brand weapon
 B - 3 scrolls of vulnerability
 D - 3 scrolls of magic mapping
 J - a scroll of fog
Potions
 b - 4 potions of magic
 c - 2 potions of berserk rage
 f - 7 potions of attraction
 i - 3 potions of curing
 k - 6 potions of brilliance
 r - a potion of ambrosia
 s - 3 potions of cancellation
 u - 2 potions of lignification
 w - 7 potions of might
 x - a potion of heal wounds
 z - a potion of resistance {unknown}
 A - a potion of invisibility {unknown}
 E - 2 potions of haste
 F - 2 potions of flight


   Skills:
 - Level 10.0 Fighting
 - Level 5.2 Dodging
 - Level 2.1 Stealth
 * Level 10.0 Spellcasting
 - Level 7.0 Conjurations
 * Level 16.4 Ice Magic
 - Level 5.4 Evocations


You had 21 spell levels left.
You knew the following spells:

 Your Spells              Type           Power      Damage    Failure   Level
a - Freeze                Ice            100%       1d11      0%          1
b - Frozen Ramparts       Ice            100%       1d16      0%          3
c - Ozocubu's Armour      Ice            100%       N/A       1%          3
d - Hailstorm             Conj/Ice       86%        3d17      1%          4

Your spell library contained the following spells:

 Spells                   Type           Power      Damage    Failure   Level
 Flame Wave               Conj/Fire      32%        2d9       4%          4
 Magic Dart               Conj           100%       1d8       1%          1
 Shock                    Conj/Air       100%       1d9       1%          1
 Dazzling Flash           Conj/Hex       64%        N/A       1%          3
 Mephitic Cloud           Conj/Pois/Air  26%        N/A       1%          3
 Stone Arrow              Conj/Erth      64%        3d11      1%          3
 Call Imp                 Summ           13%        N/A       9%          2
 Airstrike                Air            6%         2d(1-17)  16%         4
 Swiftness                Air            13%        N/A       17%         3
 Anguish                  Hex/Necr       6%         N/A       50%         4
 Animate Armour           Summ/Erth      26%        N/A       50%         4
 Agony                    Necr           13%        N/A       85%         5
 Silence                  Hex/Air        6%         N/A       85%         5
 Enfeeble                 Hex            6%         N/A       100%        7
 Lehudib's Crystal Spear  Conj/Erth      16%        10d5      100%        8


Dungeon Overview and Level Annotations

Branches:
Dungeon (12/15)            Temple (1/1) D:6            Lair (4/5) D:11
  Swamp (0/4) Lair:2       Spider (0/4) Lair:3          Orc (0/2) D:12
Volcano (visited)
  Slime: Lair:4-5

Altars:
Ashenzari
Cheibriados
Dithmenos
Elyvilon
Fedhas
Gozag
Kikubaaqudgha
Makhleb
Nemelex Xobeh
Okawaru
Qazlal
Ru
Sif Muna
Uskayaw
Vehumet
Wu Jian
Xom
Yredelemnul
Zin
The Shining One

Annotations:
D:8 1 runed translucent door, JakeJacob's ghost, novice MiFi
D:9 1 runed translucent door, clovenhoof's ghost, novice DrVM


Innate Abilities, Weirdness & Mutations

You are immune to sickness and miasma.
Your stone body is resilient. (AC +9)
You are immune to poison.
You resist negative energy. (rN+)
You are resistant to electric shocks. (rElec)
You are resistant to unholy torment.
You are immune to petrification.


Message History

Casting: Frozen Ramparts (safe; 0% risk of failure)
Press: ? - help, Dir - look around, f - activate A stone staircase leading down.
You feel a surge of power!
The walls around you are covered in ice.
The wall freezes the death yak!
You block the death yak's attack.
Casting: Frozen Ramparts (safe; 0% risk of failure)
Confirm with . or Enter, or press ? or * to list all spells.
You feel a surge of power! A film of ice covers your body!
The wall freezes the death yak!
The death yak gores you but does no damage.
You are too injured to fight recklessly!
Casting: Ozocubu's Armour (safe; 1% risk of failure)
Confirm with . or Enter, or press ? or * to list all spells.
Aiming: Freeze (safe; 0% risk of failure)
Press: ? - help, Shift-Dir - straight line, f - death yak
Aim: a death yak (moderately wounded)
You feel a surge of power!
You freeze the death yak!
The death yak is heavily wounded.
The wall freezes the death yak.
The death yak gores you!
* * * LOW HITPOINT WARNING * * *
Casting: Freeze (safe; 0% risk of failure)
Confirm with . or Enter, or press ? or * to list all spells.
Aiming: Freeze (safe; 0% risk of failure)
Press: ? - help, Shift-Dir - straight line, f/p - death yak
Aim: a death yak (severely wounded)
You feel a surge of power!
You freeze the death yak!
The death yak is severely wounded.
The wall freezes the death yak.
The death yak gores you!
* * * LOW HITPOINT WARNING * * *
Casting: Freeze (safe; 0% risk of failure)
Confirm with . or Enter, or press ? or * to list all spells.
Aiming: Freeze (safe; 0% risk of failure)
Press: ? - help, Shift-Dir - straight line, f/p - death yak
Aim: a death yak (severely wounded)
You feel a surge of power!
You freeze the death yak.
The death yak is severely wounded.
The wall freezes the death yak but does no damage.
The death yak gores you!
You die...

≈≈## #≈≈..#.##..# #.†#.....#
~≈≈# ###..####..## #..#..(..#
≈≈≈###††..# ##..# #..#..####
~≈###.†#.## ###.## #......#
≈.#.†.†### #...####.....##
~.####..## ##P###.......##
≈..# ##..# ###P.........##
≈.######.# ###Y....~......##
≈........####...@..~~..<.~..#
≈#...#..##.####....≈≈~.~~~..#
##..P#####.## ##..~≈≈≈~≈≈~~.#
#÷### #..###...~≈≈≈≈≈≈≈≈.#
##.# ##.##.##.P.~≈≈≈≈≈≈~.#
...######..........≈≈~≈≈≈≈~.#
...P#..#.#........#...~~~~..#
##.###..####.....##.........#
#)..##...##....####......#.##


You could see a death yak.

Vanquished Creatures
  Josephine (D:10)
  2 hydras
  Fannar (Lair:3)
  4 two-headed ogres
  2 boulder beetles (D:11)
  A catoblepas (Lair:2)
  Erica (D:8)
  A death yak (Lair:4)
  Lodul (D:10)
  A swamp dragon (Lair:2)
  An ugly thing (D:11)
  12 elephants
  2 black mambas (Lair:3)
  Maggie (D:10)
  2 gargoyles (D:12)
  3 cane toads
  2 kobold demonologists
  A rime drake (Lair:3)
  2 unseen horrors
  2 komodo dragons
  2 polar bears
  A troll (D:12)
  3 slime creatures (D:10)
  2 hornets
  5 blink frogs (Lair:3)
  3 wraiths (D:10)
  31 yaks
  A shadow (D:10)
  5 wyverns
  A fire bat (Volcano)
  2 basilisks
  2 steam dragons
  7 vampire mosquitoes
  An acid dragon (D:8)
  28 water moccasins
  7 orc warriors
  2 ice beasts
  3 sky beasts
  8 ogres
  8 centaurs
  4 wolves (Lair:2)
  10 kobold brigands
  7 bullfrogs
  2 necrophages (D:6)
  4 gnoll sergeants
  2 scorpions
  7 wights
  20 killer bees
  2 electric eels (Lair:3)
  11 howler monkeys
  2 lava snakes (Volcano)
  2 jellies
  5 hounds
  A gnoll bouda (D:8)
  6 orc priests
  3 iguanas
  5 orc wizards
  8 gnolls
  30 adders
  2 white imps
  An ufetubus (D:5)
  A worm (D:2)
  3 dart slugs
  59 orcs
  8 bats
  6 endoplasms
  6 giant cockroaches
  5 goblins
  4 hobgoblins
  6 jackals
  9 ball pythons
  2 frilled lizards
  30 kobolds
  5 rats
443 creatures vanquished.

Vanquished Creatures (others)
  An orc wizard (D:10)
  16 fungi
  11 plants
28 creatures vanquished.

Grand Total: 471 creatures vanquished

Notes
Turn   | Place    | Note
-------+----------+-------------------------------------------
     0 | D:1      | greasedhog the Gargoyle Ice Elementalist began the quest
                  | for the Orb.
     0 | D:1      | Reached XP level 1. HP: 10/10 MP: 3/3
   270 | D:1      | Reached XP level 2. HP: 9/15 MP: 0/5
   892 | D:1      | Reached XP level 3. HP: 19/19 MP: 6/6
  1224 | D:2      | Found a hide-covered altar of Uskayaw.
  1240 | D:2      | Found a faded altar of an unknown god.
  1355 | D:2      | Learned a level 3 spell: Frozen Ramparts
  1359 | D:2      | Learned a level 3 spell: Ozocubu's Armour
  2077 | D:3      | Found a broken altar of Ashenzari.
  2104 | D:3      | Reached XP level 4. HP: 18/24 MP: 1/8
  2266 | D:3      | Identified the +6 scale mail of Wunt {rElec rC- rN+++
                  | Regen+}
  2432 | D:3      | Reached skill level 5 in Ice Magic
  2634 | D:3      | Reached XP level 5. HP: 28/28 MP: 6/10
  2821 | D:3      | Found a glowing silver altar of Zin.
  3442 | D:4      | Reached XP level 6. HP: 19/32 MP: 6/12
  3674 | D:4      | Reached skill level 6 in Ice Magic
  4057 | D:5      | Entered Level 5 of the Dungeon
  4057 | D:5      | Noticed an ice beast
  4064 | D:5      | Killed an ice beast
  4108 | D:5      | Reached XP level 7. HP: 34/36 MP: 10/14
  4144 | D:5      | Found an ornate altar of the Wu Jian Council.
  4168 | D:5      | Found a stormy altar of Qazlal.
  4181 | D:5      | Reached skill level 5 in Spellcasting
  4327 | D:5      | Reached skill level 1 in Fighting
  4364 | D:5      | Found a white marble altar of Elyvilon.
  4435 | D:5      | Reached skill level 7 in Ice Magic
  4799 | D:5      | Reached XP level 8. HP: 48/48 MP: 5/15
  5382 | D:6      | Noticed a wyvern
  5392 | D:6      | Killed a wyvern
  5393 | D:6      | Reached skill level 5 in Fighting
  5393 | D:6      | Reached skill level 8 in Ice Magic
  5743 | D:6      | Learned a level 4 spell: Hailstorm
  5938 | D:6      | Found a staircase to the Ecumenical Temple.
  5946 | Temple   | Entered the Ecumenical Temple
  6064 | Temple   | Became a worshipper of Vehumet
  6134 | D:6      | Reached skill level 1 in Conjurations
  6146 | D:6      | You fall into a shaft and drop 3 floors!
  6173 | D:9      | Reached XP level 9. HP: 53/54 MP: 16/16
  6343 | D:8      | Reached skill level 9 in Ice Magic
  6538 | D:8      | Found a runed translucent door.
  6538 | D:8      | Noticed JakeJacob's ghost (novice MiFi)
  6568 | D:8      | Reached * piety under Vehumet
  6568 | D:8      | Offered knowledge of Foxfire by Vehumet.
  6860 | D:8      | Noticed a two-headed ogre
  6867 | D:8      | Reached skill level 5 in Conjurations
  6875 | D:8      | Killed a two-headed ogre
  6876 | D:8      | Reached skill level 5 in Dodging
  6876 | D:8      | Reached skill level 10 in Ice Magic
  6876 | D:8      | Reached XP level 10. HP: 42/59 MP: 3/17
  7154 | D:8      | Reached skill level 1 in Evocations
  7585 | D:8      | Noticed Erica
  7592 | D:8      | Killed Erica
  8280 | D:9      | Reached skill level 11 in Ice Magic
  8371 | D:9      | Noticed a two-headed ogre
  8395 | D:9      | Killed a two-headed ogre
  8469 | D:9      | Reached ** piety under Vehumet
  8469 | D:9      | Offered knowledge of Searing Ray by Vehumet.
  8477 | D:9      | Reached XP level 11. HP: 33/64 MP: 9/18
  8489 | D:9      | Noticed a two-headed ogre
  8500 | D:9      | Killed a two-headed ogre
  8501 | D:9      | Reached skill level 5 in Evocations
  8796 | D:9      | Reached skill level 12 in Ice Magic
  8927 | D:9      | Found a runed translucent door.
  8927 | D:9      | Noticed clovenhoof's ghost (novice DrVM)
  8927 | D:9      | Found the ring of the Hare {EV+8}
  9080 | D:9      | Noticed a soul eater
  9485 | D:10     | Entered Level 10 of the Dungeon
  9811 | D:10     | Offered knowledge of Poisonous Vapours by Vehumet.
 10095 | D:10     | Identified a scroll of acquirement
 10112 | D:10     | Reached *** piety under Vehumet
 10115 | D:10     | Acquired the amulet of Exhibitionism {Reflect Harm SH+5}
 10174 | D:10     | Noticed Josephine
 10191 | D:10     | Killed Josephine
 10406 | D:10     | Noticed Lodul
 10419 | D:10     | Offered knowledge of Ignite Poison by Vehumet.
 10421 | D:10     | Killed Lodul
 10422 | D:10     | Reached skill level 13 in Ice Magic
 10482 | D:10     | Noticed Maggie
 10502 | D:10     | Killed Maggie
 10503 | D:10     | Reached XP level 12. HP: 60/75 MP: 4/19
 10634 | D:10     | Noticed a two-headed ogre
 10645 | D:10     | Killed a two-headed ogre
 10996 | D:11     | Noticed a boulder beetle
 11006 | D:11     | Killed a boulder beetle
 11092 | D:11     | Noticed a boulder beetle
 11106 | D:11     | Killed a boulder beetle
 11329 | D:11     | Found a staircase to the Lair.
 11464 | D:11     | Reached **** piety under Vehumet
 11818 | D:12     | Offered knowledge of Iskenderun's Mystic Blast by Vehumet.
 11949 | D:12     | Reached skill level 10 in Fighting
 12012 | D:12     | Found a staircase to the Orcish Mines.
 12017 | D:12     | Reached skill level 14 in Ice Magic
 12560 | D:12     | Reached ***** piety under Vehumet
 12848 | Lair:1   | Entered Level 1 of the Lair of Beasts
 13056 | Lair:1   | Offered knowledge of Iskenderun's Battlesphere by Vehumet.
 13090 | Lair:1   | Noticed a five-headed hydra
 13105 | Lair:1   | Killed a five-headed hydra
 13223 | Lair:1   | Found a dark tunnel.
 13234 | Volcano  | Entered a volcano
 14609 | Lair:1   | Reached XP level 13. HP: 54/82 MP: 14/23
 15148 | Lair:2   | Found a staircase to the Swamp.
 15163 | Lair:2   | Reached skill level 15 in Ice Magic
 16483 | Lair:3   | Noticed Fannar
 16509 | Lair:3   | Killed Fannar
 16728 | Lair:3   | Found a hole to the Spider Nest.
 17660 | Lair:3   | Reached skill level 16 in Ice Magic
 17660 | Lair:3   | Offered knowledge of Flame Wave by Vehumet.
 17731 | Lair:3   | Identified the +0 robe of Philately {Str+4 Dex+3}
 17860 | Lair:4   | Reached skill level 10 in Spellcasting
 17871 | Lair:3   | HP: 2/82 [death yak (12)]
 17872 | Lair:3   | Mangled by a death yak

Illustrated notes

Levels and vault maps discovered:
D:1:      wander_arrival_peaceful_grave, layout_basic, minmay_statues_item,
          hangedman_abyss_or_decor_stabs
D:2:      layout_basic, shapermc_ecumenical_altar_mp_vishouse, basic_altar,
          grunt_decor_resistance
D:3:      kennysheep_six_static_rooms, layout_loops_ring,
          mainiacjoe_overflow_small_starburst, mainiacjoe_overflow_alcove_2
D:4:      layout_rooms
D:5:      layout_basic, grunt_qazlal_sundering, nicolae_wu_jian_wuxing_cycle,
          lemuel_tele_altar
D:6:      layout_rooms, minmay_temple_entry_trees
D:8:      minmay_the_grid_square_5x5_3x3 [minmay_the_grid_square_5x5_n,
          minmay_the_grid_square_5x5_mess, minmay_the_grid_square_5x5_shuriken,
          minmay_the_grid_square_5x5_trominoes,
          minmay_the_grid_square_5x5_megaprize_hollow,
          minmay_the_grid_square_5x5_misaligned,
          minmay_the_grid_square_5x5_moneybag,
          minmay_the_grid_square_5x5_hollow_slash,
          minmay_the_grid_square_5x5_z], layout_loops_ring,
          hellmonk_ghost_happy_afterlife, minivault_1, uniq_erica
D:9:      layout_cave_pools, gammafunk_ghost_grave, minmay_misc_feat_five,
          nzn_random_ring
D:10:     layout_irregular_city, uniq_maggie, uniq_lodul, uniq_josephine
D:11:     layout_rooms, lair_entry_dummy, gauntlet_entry_generic
D:12:     layout_roguey, hiddenorc2_lemuel
Temple:   regret_index_temple_waves
Lair:1:   wander_river, layout_regular_city, nicolae_volcano_entry_two_sided,
          lemuel_fruit_tree, grunt_megastairs_4
Lair:2:   layout_hall_layers, minmay_swamp_entry_reptiles,
          cheibrodos_lair_caveside_slide
Lair:3:   lemuel_reptile_caves, layout_loops_ring, dummy_spider_entry,
          infiniplex_staircase_pool, uniq_fannar
Lair:4:   layout_loops_ring, slime_entry_1, st_stairs_13,
          nicolae_lair_lakeside_cave, infiniplex_staircase_pool_2

Skill      XL: |  1  2  3  4  5  6  7  8  9 10 11 12 13 |
---------------+----------------------------------------+-----
Spellcasting   | 3 4 5 7 10 | 10.0
Ice Magic      | 5 6 7 8 10 11 13 14 16 | 16.4
Fighting       | 3 5 8 10 | 10.0
Dodging        | 2 5 |  5.2
Conjurations   | 1 5 7 |  7.0
Evocations     | 4 5 |  5.4
Stealth        | |  2.1

Action                   |  1- 3 |  4- 6 |  7- 9 | 10-12 | 13-15 || total
-------------------------+-------+-------+-------+-------+-------++-------
Melee: Dagger            |    27 |    47 |    32 |       |       ||   106
       Unarmed           |     2 |       |       |       |       ||     2
       Punch             |       |     1 |     1 |     2 |       ||     4
       Short sword       |       |       |    74 |    29 |       ||   103
       Scimitar          |       |       |       |   132 |    14 ||   146
       Staff             |       |       |       |       |    39 ||    39
 Cast: Freeze            |    41 |    48 |    62 |   194 |   105 ||   450
       Frozen Ramparts   |       |     5 |    19 |    55 |    23 ||   102
       Ozocubu's Armour  |       |     2 |    11 |    37 |    15 ||    65
       Hailstorm         |       |       |       |    10 |    10 ||    20
Evoke: Wand              |       |     2 |       |     1 |     3 ||     6
  Use: Scroll            |       |     9 |     2 |    10 |     5 ||    26
       Potion            |       |       |       |     5 |     1 ||     6
 Stab: Sleeping          |     4 |     3 |     1 |       |       ||     8
       Distracted        |       |       |     1 |       |       ||     1
Armor: Robe              |    28 |    42 |    59 |   100 |   101 ||   330
       Acid dragon scale |       |       |       |    64 |    34 ||    98
Dodge: Dodged            |    34 |    46 |   177 |   381 |   129 ||   767
Block: Other             |       |       |       |    16 |       ||    16
       Buckler           |       |       |       |    60 |    93 ||   153
       Reflection        |       |       |       |     1 |       ||     1

Table legend: (Time is in decaauts)
 A = Elapsed time spent in this place.
 B = Non-inter-level travel time spent in this place.
 C = Inter-level travel time spent in this place.
 D = Time resting spent in this place.
 E = Time spent auto-exploring this place.
 F = Levels seen in this place.
 G = Mean time per level.
                   A        B        C        D        E       F      G
               +--------+--------+--------+--------+--------+-----+--------+
         Total |  17977 |  17533 |    444 |   2030 |  12711 |  17 | 1057.5 |
       Dungeon |  12773 |  12435 |    338 |    853 |   9632 |  11 | 1161.2 |
        Temple |    135 |    105 |     30 |      0 |     92 |   1 |  135.0 |
          Lair |   4146 |   4070 |     76 |    606 |   2790 |   4 | 1036.5 |
       Volcano |    921 |    921 |      0 |    571 |    197 |   1 |  921.0 |
               +--------+--------+--------+--------+--------+-----+--------+

Top non-repeatable levels by time:
     D:8: 2063 daAuts
  Lair:3: 1618 daAuts
    D:10: 1542 daAuts
  Lair:1: 1364 daAuts
     D:5: 1320 daAuts
     D:9: 1296 daAuts
     D:3: 1241 daAuts
     D:1: 1095 daAuts
  Lair:2: 1087 daAuts
    D:12: 1033 daAuts
     D:2: 938 daAuts
 Volcano: 921 daAuts
    D:11: 826 daAuts
     D:4: 779 daAuts
     D:6: 635 daAuts
